Map: Jagannatha LE

Players

ViBE - Winner!

  • Race: Terran Terran
  • League: Gold
  • Spawn Location: 7:00

ZoomZ

  • Race: Zerg Zerg
  • Spawn Location: 1:00

VOD

Have the link to the VOD?

Description

Time

  • Played on: March 21, 2021, 9:13 p.m.
  • Length: 15:35
Show
View Real Time Build Order
Export as new Build Order

ViBE Terran - Winner!

Build Orders:  

Get SALT Encoding   

  12  0:00  SCV  
  13  0:13  SCV  
  14  0:18  Supply Depot  
  14  0:27  SCV  
  15  0:39  SCV  
  15  0:41  Barracks  
  16  0:46  Refinery  
  16  0:51  SCV  
  17  1:04  SCV  
  18  1:16  SCV  
  19  1:29  Orbital Command  
  19  1:30  Marine  
  20  1:44  Command Center  
  20  1:50  Marine  
  21  1:56  Supply Depot  
  21  1:57  SCV  
  22  2:09  SCV  
  23  2:19  Barracks Reactor  
  23  2:21  Factory  
  23  2:24  SCV  
  24  2:36  SCV  
  25  2:44  Supply Depot  
  25  2:49  SCV  
  26  2:58  Orbital Command  
  26  3:01  SCV  
  27  3:05  Factory Tech Lab  
  27  3:06  Barracks  
  27  3:10  Marine x2  
  29  3:13  SCV  
  29  3:14  Refinery  
  29  3:16  Supply Depot  
  30  3:25  SCV  
  30  3:26  Siege Tank  
  34  3:31  Marine x2  
  36  3:37  SCV  
  36  3:39  Supply Depot  
  37  3:42  SCV  
  38  3:49  SCV  
  38  3:51  Marine x2  
  38  3:53  Barracks Tech Lab  
  41  3:57  Starport  
  41  4:04  Supply Depot  
  41  4:05  Siege Tank  
  41  4:06  SCV x2  
  46  4:18  SCV x2  
  46  4:20  Marine x2  
  46  4:21  Marine  
  51  4:27  Supply Depot  
  51  4:30  SCV x2  
  53  4:37  Supply Depot  
  53  4:38  Starport Reactor  
  53  4:41  Siege Tank  
  53  4:42  SCV x2  
  58  4:55  SCV x2  
  58  4:56  Stimpack  
  58  4:57  Marine x2  
  58  4:58  Marine  
  63  5:06  Command Center  
  63  5:07  Refinery, SCV x2  
  63  5:08  Refinery  
  63  5:14  Supply Depot  
  65  5:19  SCV x2  
  67  5:29  Marine  
  67  5:30  Marine x2  
  67  5:31  SCV x2  
  72  5:38  Medivac x2  
  76  5:43  SCV x2  
  76  5:47  Marine x2  
  76  5:48  Engineering Bay, Marine  
  76  5:49  Engineering Bay  
  81  5:55  SCV x2  
  83  6:05  Marine x3  
  83  6:07  SCV, Barracks  
  83  6:08  SCV, Barracks  
  83  6:10  Barracks  
  88  6:24  Marine  
  88  6:25  Marine x2  
  91  6:27  Orbital Command  
  91  6:29  Terran Infantry Armor Level 1, Terran Infantry Weapons Level 1  
  91  6:34  Armory  
  91  6:36  SCV x2  
  91  6:38  Medivac x2  
  97  6:42  Marine x2  
  97  6:43  Marine  
  97  6:46  Combat Shield  
  100  6:48  SCV x2  
  102  6:58  Barracks Reactor x3  
  102  7:09  Marine  
  102  7:10  Marine  
  102  7:13  SCV x3  
  107  7:19  Orbital Command  
  107  7:24  Thor  
  107  7:25  SCV x2  
  107  7:26  Terran Vehicle Weapons Level 1  
  107  7:30  Command Center  
  107  7:37  SCV x2  
  107  7:43  Marine x3  
  107  7:44  Marine x6  
  112  7:49  SCV x2  
  112  7:56  Medivac x2  
  116  8:01  Marine  
  116  8:04  Supply Depot x3  
  117  8:13  Supply Depot  
  117  8:14  Supply Depot  
  117  8:16  Supply Depot  
  117  8:25  SCV, Marine x9, Thor  
  117  8:26  SCV, Medivac x2  
  138  8:30  Supply Depot x2  
  138  8:37  Refinery  
  138  8:38  Refinery, SCV  
  139  8:43  Marine x3  
  139  8:45  Command Center  
  139  8:47  SCV x2  
  144  8:48  Marine x5  
  144  8:49  Marine  
  144  8:50  SCV  
  144  8:52  Terran Infantry Armor Level 2, Terran Infantry Weapons Level 2  
  151  8:59  SCV x2  
  151  9:00  Marine  
  151  9:01  Marine x2  
  156  9:06  Marine  
  157  9:11  Planetary Fortress  
  157  9:19  SCV x3  
  157  9:23  Marine x8  
  157  9:24  Marine, Thor  
  168  9:26  Medivac x2  
  180  9:31  SCV x3  
  182  9:41  Marine  
  183  9:59  Marine  
  184  10:00  Marine x7, Command Center  
  184  10:01  Marine  
  184  10:03  Medivac  
  184  10:04  Medivac  
  196  10:17  Marine x2  
  198  10:45  Planetary Fortress  
  198  10:48  Factory  
  198  10:49  Starport  
  198  10:52  Barracks  
  198  10:53  Barracks  
  198  10:56  Barracks  
  198  10:58  Barracks  
  198  10:59  Barracks  
  198  11:00  Barracks x2  
  198  11:01  Barracks x2  
  190  11:25  Barracks  
  190  11:26  SCV, Barracks  
  190  11:27  SCV x4  
  190  11:36  Thor x3  
  190  11:38  Factory Tech Lab, Starport Reactor, SCV  
  190  11:42  Terran Infantry Weapons Level 3, Terran Vehicle Weapons Level 2, Terran Infantry Armor Level 3  
  190  11:46  Barracks Tech Lab x4  
  190  11:52  Barracks Reactor x5  
  190  11:59  Command Center  
Show
View Real Time Build Order
Export as new Build Order

ZoomZ Zerg 

Build Orders: Hatch First 

Get SALT Encoding   

  12  0:16  Drone x2  
  12  0:20  Overlord  
  14  0:56  Hatchery  
  13  1:02  Spawning Pool  
  12  1:17  Drone x3  
  15  1:44  Extractor  
  14  1:49  Extractor  
  14  1:53  Drone x2  
  14  1:54  Drone  
  16  1:56  Queen  
  18  2:08  Queen  
  20  2:14  Drone  
  21  2:30  Spine Crawler  
  20  2:41  Zergling x6  
  20  2:43  Metabolic Boost  
  23  3:15  Roach Warren  
  22  3:25  Zergling x6  
  22  3:26  Zergling x4  
  27  3:29  Zergling x2  
  28  3:59  Overlord x2  
  28  4:39  Roach x2  
  28  4:40  Roach x3  
  28  4:45  Roach  
  40  5:07  Lair  
  40  5:35  Overlord x2  
  40  6:06  Roach x3  
  40  6:07  Roach  
  40  6:08  Roach  
  50  6:17  Roach  
  52  6:41  Baneling Nest  
  52  6:43  Overlord  
  51  7:14  Hydralisk Den  
  32  7:55  Drone x2  
  32  7:56  Drone x3  
  37  8:01  Drone  
  38  9:05  Hydralisk x2  
  38  9:06  Hydralisk  
  44  9:19  Hydralisk x3  
  50  9:44  Infestation Pit  
  49  10:13  Queen  
  51  10:27  Infestor x3  
  57  10:40  Hydralisk  
Tags
 
League
Gold
Matchup
TvZ
Player
ViBE
Replay Pack
Gold_League
Spawn Locations
Cross Positions
Add a new tag
Caveats
  • Supply blocks, unpowered buildings, or Contaminate may cause inaccurate times.
  • Supply counts are checked every 10 seconds.